 Dungeon Crawl Stone Soup version 0.22.0 (webtiles) character file.

49 Morrissey the Covered (level 3, -2/24 HPs)
             Began as a Gargoyle Fighter on Aug 11, 2018.
             Slain by a gnoll
             ... wielding a +0 flail
              (8 damage)
             ... on level 1 of the Dungeon.
             The game lasted 00:02:09 (1344 turns).

Morrissey the Covered (Gargoyle Fighter)            Turns: 1344, Time: 00:02:10

Health: -2/24      AC: 15    Str: 19    XL:     3   Next: 77%
Magic:  3/3        EV:  3    Int:  8    God:
Gold:   61         SH:  9    Dex: 10    Spells: 2/2 levels left

rFire    . . .     SeeInvis .   a - +0 flail
rCold    . . .     Gourm    .   c - +0 shield
rNeg     + . .     Faith    .   j - +0 plate armour (curse)
rPois    ∞         Spirit   .   (no helmet)
rElec    +         Reflect  .   (no cloak)
rCorr    .         Harm     .   (no gloves)
MR       +....                  (no boots)
Stlth    ..........             (no amulet)
HPRegen  0.08/turn              h - ring of protection from magic
MPRegen  0.08/turn              (no ring)

@: no status effects
A: negative energy resistance 1, electricity resistance, unbreathing,
petrification resistance, rot immunity, AC +3
a: no special abilities


You were on level 1 of the Dungeon.
You were not hungry.

You visited 1 branch of the dungeon, and saw 2 of its levels.

You collected 61 gold pieces.

Inventory:

Hand Weapons
 a - a +0 flail (weapon)
Armour
 c - a +0 shield (worn)
 j - a cursed +0 plate armour (worn)
 m - a +2 large shield
Jewellery
 h - a ring of protection from magic (left hand)
Scrolls
 b - a scroll of teleportation {unknown}
 e - a scroll of fog {unknown}
 g - a scroll of remove curse {unknown}
 i - a scroll of magic mapping {unknown}
 k - a scroll of identify {unknown}
 t - a scroll of amnesia {unknown}
Potions
 d - a potion of might
 l - 3 potions of magic {unknown}
 n - a potion of curing {unknown}
 o - a potion of heal wounds {unknown}
 p - a potion of berserk rage {unknown}
 r - a potion of brilliance {unknown}
 s - a potion of resistance {unknown}
Comestibles
 f - 3 rations


   Skills:
 + Level 3.6 Fighting
 * Level 2.7 Maces & Flails
 * Level 4.0 Armour
 + Level 3.6 Shields


You had 2 spell levels left.
You didn't know any spells.
Your spell library was empty.

Dungeon Overview and Level Annotations

Branches:
Dungeon (2/15)

Altars:


Innate Abilities, Weirdness & Mutations

You are resistant to torment.
Your stone body is resilient. (AC +3)
You are immune to poison.
You resist negative energy. (rN+)
You are resistant to electric shocks. (rElec)
You can survive without breathing.
You are immune to petrification.
You are immune to rotting.


Message History

Unknown command.
There is a stone staircase leading up here.
You block the gnoll's attack.
You climb upwards.
All of the chunks of flesh in your inventory have rotted away.
There is a stone staircase leading down here.
You hit the gnoll.
The gnoll is lightly wounded.
The gnoll hits you with a flail.
* * * LOW HITPOINT WARNING * * *
Your plate armour prevents you from hitting the gnoll.
You block the gnoll's attack.
You closely miss the gnoll. You block the gnoll's attack.
You completely miss the gnoll. You block the gnoll's attack.
You hit the gnoll.
The gnoll is lightly wounded.
The gnoll hits you with a flail.
* * * LOW HITPOINT WARNING * * *
The gnoll hits you with a flail!
You die...

#.# ######.####
##########.........#
#.............#.##.#
#.#####..#......##.#
#.##........#....#.#
#.##.##..#.##.......
#.##.##..#.##....#.#
#.#@..#.......#.##.#
#...g....#.........#
#.>.....#######.####
#.......# ##+##
#.......# ##...##
##....### ##.....##
#....## ##÷......#
#.#..[####.........
#........+.........


You could see a gnoll.

Vanquished Creatures
  An ooze (D:2)
  2 worms (D:2)
  3 leopard geckos (D:1)
  2 giant cockroaches
  5 goblins
  6 hobgoblins
  7 bats
  A frilled lizard (D:1)
  6 kobolds
  4 rats
37 creatures vanquished.

Notes
Turn   | Place    | Note
-------+----------+-------------------------------------------
     0 | D:1      | Morrissey the Gargoyle Fighter began the quest for the Orb.
     0 | D:1      | Reached XP level 1. HP: 14/14 MP: 1/1
   216 | D:1      | Reached XP level 2. HP: 19/19 MP: 2/2
   333 | D:1      | You fall through a shaft!
   528 | D:1      | Reached XP level 3. HP: 23/23 MP: 3/3
  1247 | D:2      | Reached skill level 4 in Armour
  1344 | D:1      | Slain by a gnoll

Skill      XL: |  1  2  3 |
---------------+----------+-----
Armour         | 4 |  4.0
Fighting       | |  3.6
Maces & Flails | |  2.7
Shields        | |  3.6

Action                   || total
-------------------------++-------
Melee: Flail             ||   169
  Eat: Chunk             ||     2
Armor: Plate armour      ||   121
       Scale mail        ||     8
Dodge: Dodged            ||    32
Block: Shield            ||    96
       Large shield      ||    13
